 Dungeon Crawl Stone Soup version 0.28.0-1-gb440e238dd (webtiles) character file.

Game seed: 7858324770296520504

14 serioussanchez the Magician (level 2, 0/20 HPs)
             Began as a Palentonga Hedge Wizard on Feb 23, 2022.
             Slain by a quokka (4 damage)
             ... on level 1 of the Dungeon.
             The game lasted 00:08:37 (647 turns).

serioussanchez the Magician (PaWz)                   Turns: 647, Time: 00:08:38

Health: 0/20       AC:  4    Str: 13    XL:     2   Next: 27%
Magic:  6/6        EV:  9    Int: 14    God:
Gold:   38         SH:  0    Dex:  9    Spells: 6/7 levels left

rFire   . . .      SeeInvis +   a - +0 dagger
rCold   . . .      Faith    .   (no shield)
rNeg    . . .      Spirit   .   b - +0 robe
rPois   .          Reflect  .   c - +0 hat
rElec   .          Harm     .   (no cloak)
rCorr   .          Rampage  .   (no gloves)
Will    .....                   (no barding)
Stlth   +.........              (no amulet)
HPRegen 0.06/turn               (no ring)
MPRegen 0.10/turn               (no ring)

@: no status effects
A: large, rugged brown scales 3, see invisible, deformed body, roll 1, armoured
tail
a: Rolling Charge


You were on level 1 of the Dungeon.
You visited 1 branch of the dungeon, and saw 1 of its levels.

You collected 38 gold pieces.

Inventory:

Hand Weapons
 a - a +0 dagger (weapon)
Armour
 b - a +0 robe (worn)
 c - a +0 hat (worn)
Scrolls
 d - a scroll of identify {unknown}


   Skills:
 * Level 1.7 Dodging
 * Level 1.4 Stealth
 + Level 3.3 Spellcasting
 + Level 0.8 Conjurations
 + Level 0.7 Summonings
 + Level 1.0 Translocations


You had 6 spell levels left.
You knew the following spells:

 Your Spells              Type           Power      Damage    Failure   Level
a - Magic Dart            Conj           16%        1d3       14%         1

Your spell library contained the following spells:

 Spells                   Type           Power      Damage    Failure   Level
 Slow                     Hex            8%         N/A       21%         1
 Blink                    Tloc           10%        N/A       21%         2
 Call Imp                 Summ           4%         N/A       24%         2
 Conjure Flame            Conj/Fire      3%         6-21      45%         3
 Mephitic Cloud           Conj/Pois/Air  3%         N/A       50%         3


Dungeon Overview and Level Annotations

Branches:
Dungeon (1/15)

Altars:


Innate Abilities, Weirdness & Mutations

You are completely covered in rugged brown scales. (AC +3, +7% HP)
You have supernaturally acute eyesight. (SInv)
Armour fits poorly on your strangely shaped body.
You can roll at nearby foes to attack.
You have a long armoured tail.


Message History

The ball python bites you. The quokka bites you.
The ball python barely misses you.
The quokka twitches its whiskers.
The quokka barely misses you. The quokka barely misses you.
The ball python bites you.
* * * LOW HITPOINT WARNING * * *
The quokka bites you.
* * * LOW HITPOINT WARNING * * *
The ball python barely misses you. The ball python completely misses you.
The quokka closely misses you. The quokka closely misses you.
There is an open door here.
The quokka closely misses you.
You see here a frilled lizard corpse.
You see here a +0 hunting sling.
Okay, then.
You closely miss the quokka.
The quokka bites you but does no damage.
You barely miss the quokka. The quokka barely misses you. The quokka bites you.
* * * LOW HITPOINT WARNING * * *
There is an open door here.
The quokka closely misses you.
Found a scroll labelled POORGH LYKASM.
There is an open door here.
The quokka misses you. The quokka bites you.
* * * LOW HITPOINT WARNING * * *
You see here a scroll labelled POORGH LYKASM.
A kobold comes into view.
It is wielding a +0 short sword of draining.
A bat comes into view.
The kobold shouts!
The bat moves out of view.
The quokka bites you but does no damage.
The bat hits you but does no damage. The bat hits you but does no damage.
The bat closely misses you. The bat hits you but does no damage.
The bat hits you but does no damage. The quokka bites you.
You die...

.......'.........#####
......##....r?..K....#
......########+#.....#
...r..########+#.....#
###'###..........r..## #.#
#.............# #.#
#.........S...# #r#
#........rb...# #.#
#.......[.@...# #.#
#.............# #)#
#.............# #†#
#.............# #.#
#.............# ###.#
#.............# S.#.#
#.............#
..#'###............÷############
.......#####...................##


You could see a quokka, a bat, a ball python, a kobold and a rat.

Vanquished Creatures
  A dart slug (D:1)
  A giant cockroach (D:1)
  2 goblins (D:1)
  3 hobgoblins (D:1)
  A bat (D:1)
  2 frilled lizards (D:1)
  A kobold (D:1)
11 creatures vanquished.

Notes
Turn   | Place    | Note
-------+----------+-------------------------------------------
     0 | D:1      | serioussanchez the Palentonga Hedge Wizard began the quest
                  | for the Orb.
     0 | D:1      | Reached XP level 1. HP: 13/13 MP: 4/4
   282 | D:1      | Reached XP level 2. HP: 9/20 MP: 1/6
   647 | D:1      | Slain by a quokka

Illustrated notes

Levels and vault maps discovered:
D:1:      elethiomel_arrival_shortcut, layout_basic, minmay_misc_feat_pillars

Action                   || total
-------------------------++-------
Melee: Dagger            ||    43
       Tailslap          ||     3
       Punch             ||     1
 Cast: Magic Dart        ||     9
 Abil: Rolling Charge    ||     1
 Stab: Sleeping          ||     1
Armor: Robe              ||    16
Dodge: Dodged            ||    34
